 Dungeon Crawl Stone Soup version 0.17.1-3-g152610e (webtiles) character file.

995 kaze the Covered (level 7, -8/55 HPs)
             Began as a Demonspawn Fighter on Mar 30, 2016.
             Mangled by a hill giant
             ... wielding a +0 giant club
              (17 damage)
             ... on level 5 of the Dungeon.
             The game lasted 00:05:47 (3498 turns).

kaze the Covered (Demonspawn Fighter)               Turns: 3498, Time: 00:05:48

Health: -8/55      AC: 11    Str: 18    XL:     7   Next: 99%
Magic:  7/7        EV:  8    Int:  9    God:
Gold:   180        SH: 10    Dex: 15    Spells: 0 memorised, 6 levels left

rFire  . . .     SeeInvis .     m - +1 rapier (freeze)
rCold  . . .     Clarity  .     n - +1 scale mail {rPois}
rNeg   . . .     SustAt   .     c - +0 shield
rPois  +         Gourm    +     (no helmet)
rElec  .         Spirit   .     (no cloak)
rCorr  .         Warding  .     (no gloves)
rMut   .         Stasis   .     (no boots)
MR     .....                    o - amulet of the gourmand
Stlth  ..........               (no ring)
                                h - +2 ring of dexterity

@: very slightly contaminated, not resistant to hostile enchantments, extremely
unstealthy
A: hooves 1, icy blue scales 2, spiny 1
a: no special abilities


You were on level 5 of the Dungeon.
You were completely stuffed.

You visited 1 branch of the dungeon, and saw 5 of its levels.

You collected 180 gold pieces.

Inventory:

Hand Weapons
 m - a +1 rapier of freezing (weapon)
Armour
 c - a +0 shield (worn)
 n - a +1 scale mail of poison resistance (worn)
Jewellery
 e - an uncursed amulet of the gourmand
 h - a +2 ring of dexterity (left hand)
 j - an uncursed ring of flight {unknown}
 o - an amulet of the gourmand (around neck)
Scrolls
 a - a scroll of identify
 d - 2 scrolls of teleportation
Potions
 b - a potion of magic
 f - 2 potions of cancellation
 l - a potion of curing
 p - a potion of flight
Comestibles
 g - 2 bread rations
 i - 7 fruits
 q - 2 meat rations
 r - a royal jelly


   Skills:
 + Level 4.6 Fighting
 + Level 2.4 Short Blades
   Level 2.6 Axes
 + Level 5.3 Armour
 + Level 3.3 Dodging
 + Level 0.2 Stealth
 + Level 4.5 Shields


You had 6 spell levels left.
You didn't know any spells.

Dungeon Overview and Level Annotations

Branches:
Dungeon (5/15)             Temple (0/1) D:4

Altars:

Shops:
D:4 !


Innate Abilities, Weirdness & Mutations

You have large cloven feet.
You are mostly covered in icy blue scales (AC +3, EV -1).
You are partially covered in sharp spines.


Message History

You completely miss the hill giant.
You kick the hill giant, but do no damage.
The hill giant is lightly wounded.
The hill giant hits you with a giant club!!
* * * LOW HITPOINT WARNING * * *
You hit the hill giant. You freeze the hill giant.
You kick the hill giant, but do no damage.
The hill giant is lightly wounded.
The hill giant is struck by your spines.
The hill giant completely misses you.
Your shield and scale mail prevent you from hitting the hill giant.
You kick the hill giant, but do no damage.
The hill giant is lightly wounded.
The hill giant hits you but does no damage.
You puncture the hill giant! You freeze the hill giant.
You kick the hill giant, but do no damage.
The hill giant is moderately wounded.
The hill giant is struck by your spines.
The hill giant hits you with a giant club!
You die...

#.##...................
#.##.............####.#
#.##.............####.#
.......................
#.. ..(.......#.#####.#
### ..###.#Y# .. ###o#
#C# #@# #.# #.# #.# #..
... #.## #.# ###


You could see a hill giant, an ice beast and an orc wizard.

Vanquished Creatures
  Sigmund (D:4)
  Edmund (D:4)
  Duvessa (D:4)
  The ghost of kaze the Skirmisher, an amateur DrBe of Trog (D:3)
  A phantom (D:4)
  An ogre (D:4)
  A big kobold (D:4)
  Dowan (D:4)
  A hound (D:3)
  An orc wizard (D:4)
  A worker ant (D:4)
  11 adders
  An adder skeleton (D:4)
  3 worms
  5 orcs
  7 goblins
  3 hobgoblins
  6 jackals
  A quokka (D:3)
  A ball python (D:2)
  2 bats
  6 giant cockroaches
  A giant gecko (D:2)
  A giant gecko skeleton (D:4)
  2 giant newts
  8 kobolds
  3 rats (D:2)
72 creatures vanquished.

Notes
Turn   | Place    | Note
--------------------------------------------------------------
     0 | D:1      | kaze the Demonspawn Fighter began the quest for the Orb.
     0 | D:1      | Reached XP level 1. HP: 18/18 MP: 1/1
   161 | D:1      | You fall through a shaft!
   278 | D:2      | Gained mutation: You are partially covered in sharp spines. [demonic ancestry]
   278 | D:2      | Reached XP level 2. HP: 24/24 MP: 2/2
   409 | D:2      | Reached XP level 3. HP: 26/29 MP: 3/3
   524 | D:2      | Gained mutation: You have large cloven feet. [demonic ancestry]
   524 | D:2      | Reached XP level 4. HP: 15/35 MP: 4/4
   611 | D:2      | Reached skill level 1 in Dodging
  1003 | D:3      | Noticed kaze's ghost (amateur DrBe)
  1014 | D:3      | Killed kaze's ghost
  1014 | D:3      | Gained mutation: You are partially covered in icy blue scales (AC +1). [demonic ancestry]
  1014 | D:3      | Reached XP level 5. HP: 7/42 MP: 5/5
  2172 | D:4      | Found a staircase to the Ecumenical Temple.
  2250 | D:4      | Found Yllex's Distillery.
  2266 | D:4      | Noticed an ogre
  2277 | D:4      | Killed an ogre
  2277 | D:4      | Reached skill level 4 in Fighting
  2277 | D:4      | Reached XP level 6. HP: 12/48 MP: 6/6
  2640 | D:4      | Noticed Edmund
  2664 | D:4      | Killed Edmund
  2664 | D:4      | Reached skill level 1 in Short Blades
  2993 | D:4      | Noticed Duvessa
  2993 | D:4      | Noticed Dowan
  3000 | D:4      | Killed Duvessa
  3000 | D:4      | Gained mutation: You are mostly covered in icy blue scales (AC +3, EV -1). [demonic ancestry]
  3000 | D:4      | Reached XP level 7. HP: 40/54 MP: 7/7
  3009 | D:4      | Killed Dowan
  3059 | D:4      | Noticed Sigmund
  3072 | D:4      | Killed Sigmund
  3072 | D:4      | Reached skill level 5 in Armour
  3224 | D:4      | Noticed a phantom
  3235 | D:4      | Killed a phantom
  3445 | D:5      | Entered Level 5 of the Dungeon
  3464 | D:5      | Noticed a hill giant
  3498 | D:5      | Mangled by a hill giant

Action                   |  1- 3 |  4- 6 |  7- 9 || total
-------------------------+-------+-------+-------++-------
Melee: War axe           |    63 |     1 |       ||    64
       Rapier            |       |    97 |    63 ||   160
  Use: Potion            |       |     8 |     1 ||     9
       Scroll            |       |     5 |     2 ||     7
  Eat: Bread ration      |       |     2 |       ||     2
       Chunk             |       |     4 |     9 ||    13
